[Event "Rated Blitz game"]
[Site "?"]
[Date "2021.06.15"]
[Round "?"]
[White "Carlseng"]
[Black "F96485"]
[Result "0-1"]
[ECO "C42"]
[WhiteElo "2452"]
[BlackElo "2361"]
[PlyCount "42"]
[EventDate "2021.??.??"]
[EventType "blitz"]
[TimeControl "180"]

1. e4 e5 2. Nf3 Nf6 3. Nxe5 d6 4. Nxf7 Kxf7 5. Bc4+ d5 6. exd5 Bd6 7. O-O Rf8
8. Nc3 Kg8 9. d3 Bxh2+ 10. Kxh2 Ng4+ 11. Kg3 h5 12. d6+ Kh8 13. dxc7 h4+ 14.
Kh3 Qxc7 15. Qxg4 Bxg4+ 16. Kxg4 Qh2 17. Be3 Nc6 18. d4 Qxg2+ 19. Kxh4 Nxd4 20.
Rh1 Nf5+ 21. Kh5 g6# {Normal} 0-1

[Event "Rated Blitz game"]
[Site "?"]
[Date "2021.06.15"]
[Round "?"]
[White "hadesin"]
[Black "ShinkarovAtem"]
[Result "1/2-1/2"]
[ECO "C42"]
[WhiteElo "2468"]
[BlackElo "2334"]
[PlyCount "133"]
[EventDate "2021.??.??"]
[EventType "blitz"]
[TimeControl "180"]

1. e4 e5 2. Nf3 Nf6 3. Nxe5 d6 4. Nxf7 Kxf7 5. d4 Qe8 6. f3 c5 7. c3 g6 8. Qb3+
Kg7 9. a4 Nc6 10. Be3 cxd4 11. cxd4 a5 12. Bb5 Bd7 13. O-O Nb4 14. Nc3 Bxb5 15.
Nxb5 Rc8 16. Rac1 Be7 17. d5 Qd7 18. Bd4 Rxc1 19. Rxc1 Rc8 20. Rc3 Kf7 21. Bb6
Rxc3 22. bxc3 Na6 23. Bxa5 Nc5 24. Qc4 Bd8 25. Bxd8 Qxd8 26. Nd4 Qa5 27. g4
Qxa4 28. Qxa4 Nxa4 29. Nb5 Ke7 30. Kf2 g5 31. Ke3 Nd7 32. Kd4 Ne5 33. Ke3 Nc4+
34. Kf2 Nd2 35. Kg3 Nb1 36. c4 Nd2 37. c5 Nxc5 38. h4 h6 39. hxg5 hxg5 40. Nd4
Ndb3 41. Ne6 Kd7 42. Nxg5 Nd4 43. Nh3 Nd3 44. g5 b5 45. g6 Ke7 46. f4 b4 47. e5
dxe5 48. fxe5 Nxe5 49. d6+ Kxd6 50. g7 Nf5+ 51. Kf4 Nxg7 52. Ng5 b3 53. Ne4+
Kd5 54. Nd2 b2 55. Nb1 Nd3+ 56. Ke3 Kc4 57. Kd2 Nb4 58. Na3+ Kb3 59. Nb1 Na2
60. Kd1 Ne6 61. Nd2+ Ka3 62. Nb1+ Kb4 63. Nd2 Nc5 64. Nb1 Na4 65. Kc2 N4c3 66.
Nxc3 Nxc3 67. Kxb2 {Normal} 1/2-1/2

[Event "Rated Blitz game"]
[Site "?"]
[Date "2021.06.15"]
[Round "?"]
[White "irekyouall"]
[Black "Prayer791"]
[Result "0-1"]
[ECO "C42"]
[WhiteElo "2502"]
[BlackElo "2566"]
[PlyCount "62"]
[EventDate "2021.??.??"]
[EventType "blitz"]
[TimeControl "180"]

1. e4 e5 2. Nf3 Nf6 3. Nxe5 d6 4. Nxf7 Kxf7 5. d4 Be6 6. Nc3 g6 7. f4 Bg7 8.
Be3 Re8 9. Qd2 Kg8 10. O-O-O Bg4 11. Bc4+ Kh8 12. Rde1 Nxe4 13. Nxe4 Rxe4 14.
Bf2 Rxe1+ 15. Rxe1 Nc6 16. h3 Bd7 17. g4 Qf8 18. Bb5 Re8 19. Rxe8 Qxe8 20. d5
Nd8 21. Bxd7 Qxd7 22. a3 b6 23. Kb1 a5 24. Qd3 Kg8 25. c4 Nb7 26. Qe4 Nc5 27.
Qe2 Kf8 28. b4 axb4 29. axb4 Na4 30. Be1 Nc3+ 31. Bxc3 Bxc3 {Normal} 0-1

[Event "Rated Blitz game"]
[Site "?"]
[Date "2021.06.15"]
[Round "?"]
[White "DiagonaleTV"]
[Black "al41ex"]
[Result "0-1"]
[ECO "C42"]
[WhiteElo "2364"]
[BlackElo "2464"]
[PlyCount "46"]
[EventDate "2021.??.??"]
[EventType "blitz"]
[TimeControl "180+2"]

1. e4 e5 2. Nf3 Nf6 3. Nxe5 d6 4. Nxf7 Kxf7 5. d4 c5 6. dxc5 Nc6 7. cxd6 Bxd6
8. Bd3 Re8 9. O-O Kg8 10. f4 Bg4 11. Qe1 Bc5+ 12. Kh1 Nb4 13. e5 Nxd3 14. cxd3
Qxd3 15. Nc3 Rad8 16. Na4 Bb4 17. Qf2 Ne4 18. Qg1 Be2 19. Be3 Bxf1 20. Rxf1 b6
21. b3 Bd2 22. Bxd2 Nxd2 23. Re1 Qd4 {Normal} 0-1

[Event "Rated Blitz game"]
[Site "?"]
[Date "2021.06.15"]
[Round "?"]
[White "wallie666"]
[Black "adnansendur"]
[Result "0-1"]
[ECO "C42"]
[WhiteElo "2443"]
[BlackElo "2447"]
[PlyCount "52"]
[EventDate "2021.??.??"]
[EventType "blitz"]
[TimeControl "180"]

1. e4 e5 2. Nf3 Nf6 3. Nxe5 d6 4. Nxf7 Kxf7 5. Nc3 Qe8 6. d4 c5 7. dxc5 dxc5 8.
Bc4+ Be6 9. Bxe6+ Qxe6 10. O-O Nc6 11. f4 Rd8 12. Qe1 Nd4 13. f5 Qc6 14. e5
Nxc2 15. Qf2 Nxa1 16. exf6 Qxf6 17. Ne4 Qd4 18. Ng5+ Kg8 19. Be3 Qd3 20. Rxa1
Rd5 21. Rf1 Re5 22. Bc1 Qd4 23. Qxd4 cxd4 24. f6 gxf6 25. Rxf6 Re1+ 26. Kf2
Rxc1 {Normal} 0-1

[Event "Rated Blitz game"]
[Site "?"]
[Date "2021.06.15"]
[Round "?"]
[White "Quasi_Mister_Obasi"]
[Black "Mindworm"]
[Result "0-1"]
[ECO "C42"]
[WhiteElo "2418"]
[BlackElo "2270"]
[PlyCount "74"]
[EventDate "2021.??.??"]
[EventType "blitz"]
[TimeControl "180+2"]

1. e4 e5 2. Nf3 Nf6 3. Nxe5 d6 4. Nxf7 Kxf7 5. d4 c5 6. dxc5 d5 7. exd5 Nxd5 8.
Qf3+ Nf6 9. Bc4+ Ke8 10. O-O Bxc5 11. Re1+ Kf8 12. Nc3 Bg4 13. Qxb7 Nbd7 14.
Bg5 Rb8 15. Qa6 Qb6 16. Qxb6 Nxb6 17. Bb3 h6 18. Bf4 Rd8 19. h3 Bc8 20. Re5 Bd6
21. Rd1 Rd7 22. Rf5 Bxf4 23. Rxd7 Bxd7 24. Rxf4 Ke7 25. Rf3 Re8 26. Kh2 Kd6 27.
Rd3+ Kc5 28. a4 Bf5 29. Rf3 Be6 30. Bxe6 Rxe6 31. a5 Nc4 32. Rf5+ Kc6 33. b4
Re5 34. Rf4 Na3 35. b5+ Nxb5 36. Rc4+ Rc5 37. f4 Rxc4 {Normal} 0-1

[Event "Rated Rapid game"]
[Site "?"]
[Date "2021.06.15"]
[Round "?"]
[White "yb2"]
[Black "Che4ako"]
[Result "1/2-1/2"]
[ECO "C42"]
[WhiteElo "2406"]
[BlackElo "2420"]
[PlyCount "93"]
[EventDate "2021.??.??"]
[EventType "rapid"]
[TimeControl "600"]

1. e4 e5 2. Nf3 Nf6 3. Nxe5 d6 4. Nxf7 Kxf7 5. Nc3 c5 6. Bc4+ Be6 7. Bxe6+ Kxe6
8. f4 Nc6 9. g4 h5 10. g5 Nd7 11. d3 Nb6 12. Be3 Kd7 13. Qf3 g6 14. f5 Ne5 15.
Qf4 Ng4 16. Bd2 Bg7 17. f6 Rf8 18. O-O-O Nxf6 19. gxf6 Bxf6 20. Qg3 g5 21. Rhf1
Qe7 22. Qh3+ Qe6 23. Qxh5 Na4 24. Rxf6 Rxf6 25. Nxa4 Qxa2 26. Nc3 Qg8 27. Bxg5
Rf2 28. Nd5 Raf8 29. Qg4+ Qe6 30. Qxe6+ Kxe6 31. h4 Rh2 32. Nf4+ Kd7 33. h5 b5
34. h6 Rg8 35. Rg1 Rxh6 36. Bxh6 Rxg1+ 37. Kd2 b4 38. Nd5 Rg2+ 39. Kc1 Kc6 40.
b3 Rh2 41. Bf4 Rh1+ 42. Kb2 Rh8 43. Ne3 Rf8 44. Bh2 Rf2 45. Bg1 Rf7 46. Nc4 Rh7
47. Be3 {Normal} 1/2-1/2

[Event "Rated Blitz game"]
[Site "?"]
[Date "2021.06.15"]
[Round "?"]
[White "oticMJ"]
[Black "adnansendur"]
[Result "0-1"]
[ECO "C42"]
[WhiteElo "2307"]
[BlackElo "2419"]
[PlyCount "64"]
[EventDate "2021.??.??"]
[EventType "blitz"]
[TimeControl "180"]

1. e4 e5 2. Nf3 Nf6 3. Nxe5 d6 4. Nxf7 Kxf7 5. Nc3 Qe8 6. Bc4+ Be6 7. Bxe6+
Qxe6 8. O-O c5 9. Qf3 Nc6 10. Ne2 Qxe4 11. Qg3 Qxe2 12. d3 Re8 13. Bg5 Qe6 14.
f4 Qf5 15. Rae1 Rxe1 16. Rxe1 Be7 17. Qf3 h6 18. Bh4 g5 19. Bg3 g4 20. Qe3 Re8
21. Qd2 h5 22. Qc3 Nd5 23. Qb3 Nd4 24. Qxb7 Nxc2 25. Re2 Ncb4 26. a3 Nxd3 27.
Qb3 Kf8 28. Rd2 N3xf4 29. Rf2 Bf6 30. Bxf4 Nxf4 31. g3 Re1+ 32. Rf1 Bd4+ {
Normal} 0-1

[Event "Rated Blitz game"]
[Site "?"]
[Date "2021.06.13"]
[Round "?"]
[White "worldmagnetx01"]
[Black "Osvetnik67"]
[Result "1-0"]
[ECO "C42"]
[WhiteElo "2403"]
[BlackElo "2466"]
[PlyCount "23"]
[EventDate "2021.??.??"]
[EventType "blitz"]
[TimeControl "180"]

1. e4 e5 2. Nf3 Nf6 3. Nxe5 d6 4. Nxf7 Kxf7 5. d4 g6 6. Bc4+ Kg7 7. Nc3 Nxe4 8.
Nxe4 d5 9. O-O dxe4 10. Bf4 Bd6 11. Qd2 Bf5 12. Bh6+ {Normal} 1-0

[Event "Rated Blitz tournament fzpPsNE1"]
[Site "?"]
[Date "2021.06.13"]
[Round "?"]
[White "HpRmDrNsT"]
[Black "SuperDonald"]
[Result "0-1"]
[ECO "C42"]
[WhiteElo "2433"]
[BlackElo "2496"]
[PlyCount "56"]
[EventDate "2021.??.??"]
[EventType "blitz"]
[TimeControl "180"]

1. e4 e5 2. Nf3 Nf6 3. Nxe5 d6 4. Nxf7 Kxf7 5. d4 c5 6. Bc4+ Be6 7. Bxe6+ Kxe6
8. O-O cxd4 9. Qxd4 Nc6 10. Qd3 Kf7 11. Qb3+ Ke8 12. Qxb7 Rc8 13. Nc3 Be7 14.
Qb5 Qb6 15. Qg5 Ne5 16. Kh1 h6 17. Qg3 Nh5 18. Qh3 Nf6 19. f4 Ned7 20. e5 dxe5
21. fxe5 Nh7 22. Nd5 Qa6 23. Be3 Rxc2 24. Qf5 Rf8 25. Qxc2 Rxf1+ 26. Rxf1 Qxf1+
27. Bg1 Bc5 28. Qg6+ Kd8 {Normal} 0-1

[Event "Rated Blitz game"]
[Site "?"]
[Date "2021.06.13"]
[Round "?"]
[White "rumiek"]
[Black "adnansendur"]
[Result "0-1"]
[ECO "C42"]
[WhiteElo "2423"]
[BlackElo "2443"]
[PlyCount "60"]
[EventDate "2021.??.??"]
[EventType "blitz"]
[TimeControl "180"]

1. e4 e5 2. Nf3 Nf6 3. Nxe5 d6 4. Nxf7 Kxf7 5. Nc3 Qe8 6. f3 c5 7. d4 cxd4 8.
Qxd4 Nc6 9. Qd1 Be6 10. Bg5 Be7 11. Qd2 Rd8 12. O-O-O Rf8 13. f4 d5 14. Bxf6
Bxf6 15. exd5 Bf5 16. Bb5 a6 17. Rhe1 axb5 18. Rxe8 Rfxe8 19. Nxb5 Be4 20. c4
Nb8 21. g4 g6 22. Re1 Kg8 23. Qb4 Na6 24. Qa3 Be7 25. Qc3 Bb4 26. Qg3 Bxe1 27.
Qxe1 Bxd5 28. Qxe8+ Rxe8 29. cxd5 Rd8 30. Nc3 Nb4 {Normal} 0-1

[Event "Rated Blitz tournament 2vW26E3m"]
[Site "?"]
[Date "2021.06.13"]
[Round "?"]
[White "SFA_Gang"]
[Black "Om-nom-nom"]
[Result "1-0"]
[ECO "C42"]
[WhiteElo "2583"]
[BlackElo "2381"]
[PlyCount "111"]
[EventDate "2021.??.??"]
[EventType "blitz"]
[TimeControl "180+2"]

1. e4 e5 2. Nf3 Nf6 3. Nxe5 d6 4. Nxf7 Kxf7 5. d4 c6 6. Nc3 Be7 7. Bd3 Re8 8.
O-O Kg8 9. f4 Bf8 10. h3 Na6 11. a3 Nc7 12. Be3 g6 13. e5 Nfd5 14. Nxd5 Nxd5
15. Bd2 Bf5 16. Bxf5 gxf5 17. c4 Ne7 18. Bc3 d5 19. c5 Ng6 20. Qh5 Qd7 21. g4
fxg4 22. hxg4 Qf7 23. b4 Be7 24. Rae1 Rf8 25. f5 Nh8 26. Qh3 Bg5 27. Kg2 Rae8
28. e6 Qf6 29. Rh1 h6 30. Qd3 Re7 31. Re2 Rg7 32. Rh5 Bf4 33. Kf3 Bg5 34. Be1
Ng6 35. Bg3 Nh4+ 36. Kf2 Nxf5 37. gxf5 Qxf5+ 38. Qxf5 Rxf5+ 39. Kg2 Re7 40. Bd6
Re8 41. a4 Rf6 42. e7 Rf7 43. b5 Kg7 44. Rh3 Bf6 45. Rg3+ Kh7 46. Rf3 Rg7+ 47.
Kh3 Bxe7 48. Rfe3 Bxd6 49. Rxe8 Bf4 50. R8e7 cxb5 51. axb5 Bg5 52. Rxg7+ Kxg7
53. Ra2 Be3 54. Rxa7 Bxd4 55. Rxb7+ Kf6 56. c6 {Normal} 1-0

[Event "Rated Blitz game"]
[Site "?"]
[Date "2021.06.13"]
[Round "?"]
[White "OVIP"]
[Black "al41ex"]
[Result "0-1"]
[ECO "C42"]
[WhiteElo "2471"]
[BlackElo "2448"]
[PlyCount "56"]
[EventDate "2021.??.??"]
[EventType "blitz"]
[TimeControl "180+2"]

1. e4 e5 2. Nf3 Nf6 3. Nxe5 d6 4. Nxf7 Kxf7 5. d4 c5 6. Bc4+ Be6 7. Bxe6+ Kxe6
8. O-O cxd4 9. Qxd4 Nc6 10. Qc4+ d5 11. exd5+ Qxd5 12. Re1+ Kf7 13. Qf4 Bd6 14.
Qh4 Rhe8 15. Rf1 Re4 16. Qh3 Qe6 17. Qd3 Rd8 18. Qb5 Qe5 19. Qxe5 Rxe5 20. Nc3
Nd4 21. Bf4 Ne2+ 22. Nxe2 Rxe2 23. Bxd6 Rxd6 24. Rac1 Rdd2 25. b4 Rxc2 26. Rxc2
Rxc2 27. a3 b5 28. h3 Ra2 {Normal} 0-1

[Event "Rated Blitz game"]
[Site "?"]
[Date "2021.06.13"]
[Round "?"]
[White "Carlseng"]
[Black "kicker90"]
[Result "0-1"]
[ECO "C42"]
[WhiteElo "2438"]
[BlackElo "2278"]
[PlyCount "48"]
[EventDate "2021.??.??"]
[EventType "blitz"]
[TimeControl "180"]

1. e4 e5 2. Nf3 Nf6 3. Nxe5 d6 4. Nxf7 Kxf7 5. Bc4+ Be6 6. Bxe6+ Kxe6 7. d4 Be7
8. O-O Kf7 9. c3 Rf8 10. Qb3+ d5 11. Qxb7 Nbd7 12. exd5 Nb6 13. Nd2 Kg8 14. c4
Bb4 15. b3 Bc3 16. Rb1 Bxd4 17. Nf3 Bc5 18. Ng5 Ng4 19. Rb2 Qf6 20. Ne4 Qe5 21.
Ng3 Nxf2 22. Rbxf2 Rxf2 23. Rxf2 Qe1+ 24. Nf1 Bxf2+ {Normal} 0-1

[Event "Rated Blitz tournament i04vyjjy"]
[Site "?"]
[Date "2021.06.13"]
[Round "?"]
[White "LokyTheGreat"]
[Black "Ranaroek66"]
[Result "0-1"]
[ECO "C42"]
[WhiteElo "2384"]
[BlackElo "2627"]
[PlyCount "68"]
[EventDate "2021.??.??"]
[EventType "blitz"]
[TimeControl "180+2"]

1. e4 e5 2. Nf3 Nf6 3. Nxe5 d6 4. Nxf7 Kxf7 5. d4 c5 6. dxc5 Nc6 7. Bc4+ Be6 8.
Bxe6+ Kxe6 9. Qe2 Kf7 10. Nc3 Be7 11. Qc4+ Kf8 12. Bg5 h6 13. Bh4 dxc5 14. Bxf6
Bxf6 15. Qxc5+ Qe7 16. Qxe7+ Nxe7 17. O-O Bxc3 18. bxc3 Rc8 19. Rab1 Rc7 20.
Rb3 Nc6 21. Rfb1 b6 22. c4 Ne5 23. Rb5 Nxc4 24. Rd1 Ke7 25. g3 Rd8 26. Rd3 Rcd7
27. Rc3 Rd4 28. Rb4 Ne5 29. Rc7+ R8d7 30. Rxd7+ Rxd7 31. f4 Nc6 32. Rc4 Na5 33.
Rc8 Nb7 34. Kf2 Nd6 {Normal} 0-1

[Event "Rated Blitz game"]
[Site "?"]
[Date "2021.06.12"]
[Round "?"]
[White "GomezAdams"]
[Black "sionging"]
[Result "1-0"]
[ECO "C42"]
[WhiteElo "2417"]
[BlackElo "2253"]
[PlyCount "51"]
[EventDate "2021.??.??"]
[EventType "blitz"]
[TimeControl "300+3"]

1. e4 e5 2. Nf3 Nf6 3. Nxe5 d6 4. Nxf7 Kxf7 5. d4 c5 6. dxc5 d5 7. e5 Ne4 8.
Be3 Bxc5 9. Bxc5 Nxc5 10. Nc3 Be6 11. Qf3+ Kg8 12. Qg3 h5 13. O-O-O Nc6 14. f4
Ne7 15. Be2 Rh6 16. Qf2 Rc8 17. g3 Qf8 18. h3 Ne4 19. Nxe4 dxe4 20. g4 Bxa2 21.
f5 Bb3 22. Rd2 Nd5 23. Qd4 e3 24. Kb1 exd2 25. cxb3 Qc5 26. Qxd2 {Time forfeit}
1-0

[Event "Rated Blitz tournament YtuHIWbJ"]
[Site "?"]
[Date "2021.06.12"]
[Round "?"]
[White "KK042"]
[Black "HelloIamMarc"]
[Result "0-1"]
[ECO "C42"]
[WhiteElo "2490"]
[BlackElo "2296"]
[PlyCount "70"]
[EventDate "2021.??.??"]
[EventType "blitz"]
[TimeControl "180"]

1. e4 e5 2. Nf3 Nf6 3. Nxe5 d6 4. Nxf7 Kxf7 5. Nc3 c5 6. Bc4+ Be6 7. Qe2 Qd7 8.
O-O Nc6 9. f4 Bxc4 10. Qxc4+ Qe6 11. Qe2 Be7 12. d3 Nd4 13. Qd1 Rhf8 14. f5 Qd7
15. Be3 Kg8 16. Bxd4 cxd4 17. Ne2 Qb5 18. Nxd4 Qxb2 19. Ne6 Rfc8 20. c4 Bd8 21.
Rb1 Bb6+ 22. c5 Bxc5+ 23. Kh1 Qxa2 24. Rxb7 Be3 25. Rxg7+ Kh8 26. Qf3 Bh6 27.
Rf7 Rf8 28. Rxf8+ Rxf8 29. e5 dxe5 30. Nxf8 Bxf8 31. Qa8 Qf7 32. Rb1 Ng8 33.
Rb7 Qxf5 34. h3 e4 35. Rb8 Qf1+ {Normal} 0-1

[Event "Rated Blitz game"]
[Site "?"]
[Date "2021.06.12"]
[Round "?"]
[White "Salvaged_Dirt"]
[Black "YaYestGrut"]
[Result "1-0"]
[ECO "C42"]
[WhiteElo "2515"]
[BlackElo "2511"]
[PlyCount "92"]
[EventDate "2021.??.??"]
[EventType "blitz"]
[TimeControl "180"]

1. e4 e5 2. Nf3 Nf6 3. Nxe5 d6 4. Nxf7 Kxf7 5. d4 c5 6. Nc3 Be7 7. Bc4+ Be6 8.
Bxe6+ Kxe6 9. f4 Kf7 10. e5 Ne8 11. O-O cxd4 12. Qxd4 Nc6 13. Qd5+ Kf8 14. Be3
Nc7 15. Qb3 Rb8 16. Rad1 d5 17. Nxd5 Nxd5 18. Rxd5 Qc7 19. Rfd1 Rd8 20. c3 Rxd5
21. Qxd5 Qd8 22. Qb3 Qc7 23. Qe6 Nd8 24. Qb3 Nc6 25. Qe6 Nd8 26. Qd5 Nc6 27. b4
Qd8 28. Qb3 Qc7 29. b5 Nd8 30. Qd5 h5 31. c4 Rh6 32. Bxa7 b6 33. Qa8 Kf7 34.
Bb8 Qxc4 35. Qd5+ Qxd5 36. Rxd5 Ke6 37. Rd3 Kf5 38. g3 Bc5+ 39. Kg2 Ne6 40. Bd6
Bxd6 41. Rxd6 Rg6 42. Kf3 h4 43. a4 hxg3 44. hxg3 Rh6 45. g4+ Kg6 46. Rxe6+ Kf7
{Normal} 1-0

[Event "Rated Blitz game"]
[Site "?"]
[Date "2021.06.12"]
[Round "?"]
[White "Chess_Nomad"]
[Black "Sinwa18"]
[Result "1-0"]
[ECO "C42"]
[WhiteElo "2514"]
[BlackElo "2401"]
[PlyCount "71"]
[EventDate "2021.??.??"]
[EventType "blitz"]
[TimeControl "180"]

1. e4 e5 2. Nf3 Nf6 3. Nxe5 d6 4. Nxf7 Kxf7 5. Nc3 c5 6. d4 d5 7. exd5 cxd4 8.
Qxd4 Bd6 9. Bg5 Re8+ 10. Be2 Nbd7 11. O-O-O h6 12. Bh4 Be5 13. Qd3 Bxc3 14.
Bh5+ Kg8 15. Bxe8 Be5 16. Bg6 Qb6 17. Qb3 Qd6 18. Bg3 Bxg3 19. hxg3 Nc5 20. Qa3
b6 21. Kb1 Bd7 22. Rhe1 Be8 23. Bxe8 Nxe8 24. Qe3 Nf6 25. Qe7 Qxe7 26. Rxe7 a5
27. f3 Rd8 28. d6 Kf8 29. Rc7 Ne8 30. Rc6 Nd7 31. a4 Kf7 32. g4 Ke6 33. b3 g5
34. c4 Ne5 35. Rxb6 Rd7 36. c5 {Normal} 1-0

[Event "Rated Blitz game"]
[Site "?"]
[Date "2021.06.11"]
[Round "?"]
[White "Dmitry_Gritsenko"]
[Black "sergi0medina"]
[Result "1/2-1/2"]
[ECO "C42"]
[WhiteElo "2525"]
[BlackElo "2368"]
[PlyCount "92"]
[EventDate "2021.??.??"]
[EventType "blitz"]
[TimeControl "180"]

1. e4 e5 2. Nf3 Nf6 3. Nxe5 d6 4. Nxf7 Kxf7 5. d4 c5 6. Nc3 cxd4 7. Qxd4 Nc6 8.
Bc4+ Be6 9. Bxe6+ Kxe6 10. Qc4+ Kd7 11. Bf4 Rc8 12. O-O-O a6 13. e5 Nxe5 14.
Qa4+ Nc6 15. Rxd6+ Bxd6 16. Rd1 Kc7 17. Rxd6 Qxd6 18. Bxd6+ Kxd6 19. a3 Rhd8
20. Qh4 Ne5 21. f4 Ng6 22. Qg5 Rc5 23. f5 Ke7 24. Ne4 Re5 25. b3 Rxe4 26. fxg6
hxg6 27. Qxg6 Kf8 28. Qg3 Rde8 29. h4 Re1+ 30. Kb2 R1e2 31. h5 Rc8 32. Qd6+ Kg8
33. h6 Rcxc2+ 34. Kb1 Rb2+ 35. Ka1 Ra2+ 36. Kb1 Reb2+ 37. Kc1 Rc2+ 38. Kb1
Rab2+ 39. Ka1 Rd2 40. Qe6+ Kh7 41. hxg7 Ra2+ 42. Kb1 Rab2+ 43. Ka1 Ra2+ 44. Kb1
Rab2+ 45. Kc1 Rbc2+ 46. Kb1 Rb2+ {Normal} 1/2-1/2

[Event "Rated Blitz game"]
[Site "?"]
[Date "2021.06.11"]
[Round "?"]
[White "Dmitry_Gritsenko"]
[Black "Parwis"]
[Result "0-1"]
[ECO "C42"]
[WhiteElo "2529"]
[BlackElo "2540"]
[PlyCount "88"]
[EventDate "2021.??.??"]
[EventType "blitz"]
[TimeControl "180"]

1. e4 e5 2. Nf3 Nf6 3. Nxe5 d6 4. Nxf7 Kxf7 5. d4 c5 6. Nc3 Be7 7. Bc4+ Be6 8.
Bxe6+ Kxe6 9. O-O Kf7 10. Kh1 Rf8 11. f4 cxd4 12. Qxd4 Kg8 13. h3 Nc6 14. Qc4+
Kh8 15. Be3 Rc8 16. Qb5 Qa5 17. Qxb7 Rc7 18. Qb3 Rb8 19. Qe6 Bf8 20. Nd5 Nxd5
21. exd5 Nb4 22. Rad1 Re7 23. Qxd6 Ree8 24. Qd7 Rxe3 25. f5 Qd8 26. Qa4 Qe8 27.
Qxa7 Nxc2 28. f6 gxf6 29. d6 Rd8 30. d7 Qe7 31. Qc7 Re2 32. a4 Ne3 33. a5 Nxf1
34. Rxf1 Qe4 35. Qg3 Qg6 36. Qf3 Rd2 37. a6 R2xd7 38. b4 Bxb4 39. a7 Rxa7 40.
Qb3 Bf8 41. Qf3 Rad7 42. Qxf6+ Qxf6 43. Rxf6 Bg7 44. Kh2 Bxf6 {Normal} 0-1

[Event "Rated Blitz tournament hF6lTwBk"]
[Site "?"]
[Date "2021.06.11"]
[Round "?"]
[White "k-zudi"]
[Black "Abanamatt"]
[Result "1-0"]
[ECO "C42"]
[WhiteElo "2317"]
[BlackElo "2406"]
[PlyCount "45"]
[EventDate "2021.??.??"]
[EventType "blitz"]
[TimeControl "180"]

1. e4 e5 2. Nf3 Nf6 3. Nxe5 d6 4. Nxf7 Kxf7 5. d4 c5 6. dxc5 Nc6 7. Bc4+ Be6 8.
Bxe6+ Kxe6 9. O-O dxc5 10. Qe2 Qe8 11. f4 Qh5 12. Qc4+ Kd7 13. e5 Ng4 14. h3
Nh6 15. Nc3 Qf7 16. Qd3+ Kc8 17. Be3 Be7 18. Rad1 Rd8 19. Qxh7 Nd4 20. f5 Qg8
21. Qg6 Nxc2 22. Rxd8+ Bxd8 23. Bxh6 {Normal} 1-0

[Event "Rated Blitz game"]
[Site "?"]
[Date "2021.06.10"]
[Round "?"]
[White "Tinopov"]
[Black "BLITZ16"]
[Result "1-0"]
[ECO "C42"]
[WhiteElo "2414"]
[BlackElo "2395"]
[PlyCount "87"]
[EventDate "2021.??.??"]
[EventType "blitz"]
[TimeControl "180"]

1. e4 e5 2. Nf3 Nf6 3. Nxe5 d6 4. Nxf7 Kxf7 5. d4 Nxe4 6. Qh5+ g6 7. Qd5+ Be6
8. Qxe4 d5 9. Qf3+ Qf6 10. Qxf6+ Kxf6 11. Bd3 Bd6 12. c3 Nd7 13. O-O Rhf8 14.
Nd2 Kg7 15. Re1 Rae8 16. Nf1 Bf5 17. Rxe8 Rxe8 18. Bxf5 gxf5 19. Ne3 f4 20. Nf1
Re1 21. b3 Nf6 22. Bb2 Re2 23. Rb1 Ne4 24. f3 Nf2 25. c4 Nd3 26. c5 Be7 27. Bc3
Bf6 28. a4 c6 29. b4 Rc2 30. Ba1 Rc4 31. b5 Bxd4+ 32. Bxd4+ Rxd4 33. bxc6 bxc6
34. Rb7+ Kg6 35. Rxa7 Nxc5 36. Rc7 Nxa4 37. Rxc6+ Kf5 38. h4 Rd1 39. Kf2 Nb2
40. Nh2 Rd2+ 41. Ke1 Rxg2 42. Ng4 Nd3+ 43. Kf1 Rg3 44. Rf6# {Normal} 1-0

[Event "Rated Blitz tournament HTg6sxU6"]
[Site "?"]
[Date "2021.06.10"]
[Round "?"]
[White "Schach_du_Nase"]
[Black "Wilsonia"]
[Result "0-1"]
[ECO "C42"]
[WhiteElo "2503"]
[BlackElo "2291"]
[PlyCount "116"]
[EventDate "2021.??.??"]
[EventType "blitz"]
[TimeControl "180"]

1. e4 e5 2. Nf3 Nf6 3. Nxe5 d6 4. Nxf7 Kxf7 5. d4 c5 6. Nc3 Nc6 7. Bc4+ Ke8 8.
dxc5 dxc5 9. Qxd8+ Kxd8 10. Bf4 a6 11. O-O-O+ Ke8 12. e5 Nh5 13. Nd5 Nxf4 14.
Nc7+ Ke7 15. Nxa8 Be6 16. Bxe6 Kxe6 17. g3 Ne2+ 18. Kd2 Ned4 19. f4 Be7 20. Nb6
Rd8 21. c3 Nf5+ 22. Ke2 Rxd1 23. Rxd1 g5 24. Kf3 gxf4 25. gxf4 Bd8 26. Nc4 Nce7
27. Ke4 b5 28. Nd6 Bc7 29. Nxf5 Nxf5 30. Rg1 c4 31. Rg8 a5 32. Re8+ Ne7 33. f5+
Kd7 34. Ra8 Nc6 35. e6+ Kd6 36. Rh8 b4 37. Rxh7 b3 38. Rd7+ Kc5 39. a3 Bd6 40.
f6 Nb8 41. Rd8 Nc6 42. e7 Nxe7 43. fxe7 Bxe7 44. Ra8 Kb5 45. Rg8 Bf6 46. Kd5
Bxc3 47. bxc3 Ka4 48. Kxc4 Kxa3 49. Rg1 a4 50. Kb5 b2 51. Ka5 Kb3 52. c4 a3 53.
c5 a2 54. c6 a1=Q+ 55. Kb6 Qxg1+ 56. Kb7 Qxh2 57. c7 Qxc7+ 58. Kxc7 b1=Q {
Normal} 0-1

[Event "Rated Blitz game"]
[Site "?"]
[Date "2021.06.10"]
[Round "?"]
[White "PenguinBlue"]
[Black "vit2014"]
[Result "1-0"]
[ECO "C42"]
[WhiteElo "2381"]
[BlackElo "2430"]
[PlyCount "131"]
[EventDate "2021.??.??"]
[EventType "blitz"]
[TimeControl "300"]

1. e4 e5 2. Nf3 Nf6 3. Nxe5 d6 4. Nxf7 Kxf7 5. d4 Be7 6. Nc3 Re8 7. Bd3 Kg8 8.
O-O Be6 9. f4 c5 10. d5 Bg4 11. Qe1 Nfd7 12. h3 Bh5 13. g4 Bf7 14. g5 a6 15.
Qh4 g6 16. Be3 b5 17. f5 Ne5 18. f6 Bf8 19. Be2 Nbd7 20. Qg3 Nb6 21. b3 b4 22.
Nd1 c4 23. Nf2 Qc7 24. Rac1 a5 25. h4 Nbd7 26. Qh3 Nc5 27. h5 a4 28. hxg6 Bxg6
29. bxc4 Nxe4 30. Nxe4 Bxe4 31. Bg4 Bg6 32. Be6+ Bf7 33. g6 Bxe6 34. f7+ Qxf7
35. gxf7+ Bxf7 36. Bd4 Bg7 37. Rcd1 Rac8 38. Rf2 Rxc4 39. Rh2 Bg6 40. Bxe5 Bxe5
41. Rg2 Kg7 42. Qd7+ Kf8 43. Rf1+ Rf4 44. Rgf2 Kg8 45. Rxf4 Bxf4 46. Rxf4 Rf8
47. Rxf8+ Kxf8 48. Qxd6+ Kg7 49. Qxb4 a3 50. Qxa3 Kf6 51. Qc3+ Ke7 52. Qd4 Kd6
53. c4 Be8 54. c5+ Kc7 55. Kf2 Bd7 56. Ke3 h5 57. Kf4 h4 58. Kf3 h3 59. Kg3 Bc8
60. Kh2 Bd7 61. a4 Bc8 62. a5 Bd7 63. Qe5+ Kc8 64. Qh5 Kc7 65. Qh4 Bc8 66. Qh7+
{Time forfeit} 1-0

[Event "Rated Blitz game"]
[Site "?"]
[Date "2021.06.09"]
[Round "?"]
[White "Doubleb17"]
[Black "LaPesteNoire"]
[Result "0-1"]
[ECO "C42"]
[WhiteElo "2494"]
[BlackElo "2385"]
[PlyCount "42"]
[EventDate "2021.??.??"]
[EventType "blitz"]
[TimeControl "180"]

1. e4 e5 2. Nf3 Nf6 3. Nxe5 d6 4. Nxf7 Kxf7 5. Nc3 c5 6. d4 cxd4 7. Qxd4 Nc6 8.
Qc4+ Be6 9. Qb5 Qb6 10. Qxb6 axb6 11. Be3 d5 12. exd5 Nxd5 13. Nxd5 Bxd5 14.
Bxb6 Bb4+ 15. c3 Rhe8+ 16. Kd2 Bd6 17. a3 Bf4+ 18. Kc2 Be4+ 19. Kb3 Na5+ 20.
Kb4 Bd6+ 21. Kb5 Bc6# {Normal} 0-1

[Event "Rated Blitz game"]
[Site "?"]
[Date "2021.06.09"]
[Round "?"]
[White "irekyouall"]
[Black "sabke"]
[Result "1/2-1/2"]
[ECO "C42"]
[WhiteElo "2519"]
[BlackElo "2591"]
[PlyCount "128"]
[EventDate "2021.??.??"]
[EventType "blitz"]
[TimeControl "180"]

1. e4 e5 2. Nf3 Nf6 3. Nxe5 d6 4. Nxf7 Kxf7 5. d4 c5 6. Nc3 cxd4 7. Qxd4 Nc6 8.
Bc4+ Be6 9. Bxe6+ Kxe6 10. Qc4+ Kd7 11. Bf4 Qa5 12. O-O-O Rd8 13. Rhe1 Kc8 14.
h3 Be7 15. Kb1 Kb8 16. a3 Ka8 17. g4 h6 18. Be3 Ne5 19. Qe6 Rhe8 20. f4 Bf8 21.
Qb3 Nc6 22. Bg1 d5 23. e5 Ne4 24. Nxe4 dxe4 25. Be3 g5 26. fxg5 hxg5 27. Bxg5
Rxd1+ 28. Rxd1 Qxe5 29. Be3 Qe6 30. Qb5 Bg7 31. a4 a6 32. Qb6 Be5 33. g5 Qe7
34. h4 Qb4 35. Qxb4 Nxb4 36. g6 Nc6 37. h5 Rh8 38. h6 Ne7 39. g7 Rh7 40. Rd8+
Bb8 41. Bf4 Nc6 42. Rxb8+ Nxb8 43. g8=Q Ka7 44. Qxb8+ Kb6 45. Qe5 Ka7 46. Qxe4
Rd7 47. Qc4 Rd1+ 48. Ka2 b5 49. Qc5+ Kb7 50. axb5 axb5 51. Qxb5+ Kc8 52. Qe5
Kd7 53. Qc7+ Ke6 54. Qd6+ Rxd6 55. Bxd6 Kf7 56. h7 Kg7 57. h8=Q+ Kxh8 58. c4
Kg7 59. c5 Kf7 60. b4 Ke8 61. Kb3 Kd7 62. Kc4 Kc6 63. b5+ Kb7 64. Kd5 Kc8 {
Time forfeit} 1/2-1/2